 Dungeon Crawl Stone Soup version 0.29-a0-1006-g0dd7720b37 (webtiles) character file.

Game seed: 7091083668047817996

1460 ytrimaz the Martial Artist (level 8, -2/48 HPs)
             Began as an Octopode Transmuter on Aug 6, 2022.
             Was an Initiate of Ashenzari.
             Slain by an orc
             ... wielding a +0 mace
              (6 damage)
             ... on level 5 of the Dungeon.
             The game lasted 00:08:19 (7905 turns).

ytrimaz the Martial Artist (Octopode Transmuter)    Turns: 7905, Time: 00:08:19

Health: -2/48      AC:  2    Str: 10    XL:     8   Next: 76%
Magic:  21/21      EV: 13    Int: 17    God:    Ashenzari [......]
Gold:   272        SH:  0    Dex: 12    Spells: 7/13 levels left

rFire   . . .      SeeInvis .     - Unarmed
rCold   . . .      Faith    .   (no shield)
rNeg    . . .      Spirit   .   e - +1 hat
rPois   .          Reflect  .   (no amulet)
rElec   .          Harm     .   i - ring of magical power
rCorr   +          Rampage  .   p - ring of resist corrosion
Will    .....                   (no ring)
Stlth   ++........              (no ring)
HPRegen 0.16/turn               (no ring)
MPRegen 0.17/turn               (no ring)
                                (no ring)
                                (no ring)

@: invisible
A: almost no armour, amphibious, 8 rings, camouflage 1, gelatinous body 1,
(nimble swimmer 1), tentacles
a: Renounce Religion


You were on level 5 of the Dungeon.
You worshipped Ashenzari.
Ashenzari was noncommittal.
You visited 2 branches of the dungeon, and saw 7 of its levels.

You collected 272 gold pieces.

Inventory:

Missiles
 c - a throwing net
Armour
 e - a +1 hat (worn)
Jewellery
 i - a ring of magical power (left tentacle)
 p - a ring of resist corrosion (right tentacle)
Scrolls
 g - a scroll of identify
 h - a scroll of enchant armour {unknown}
 k - 4 scrolls of butterflies
 o - a scroll of immolation
 q - a scroll of teleportation
 r - a scroll of enchant weapon {unknown}
Potions
 a - a potion of ambrosia {unknown}
 b - a potion of haste
 d - a potion of flight {unknown}
 f - 4 potions of attraction
 j - 2 potions of mutation
 l - a potion of might
 m - a potion of curing {unknown}
 n - a potion of invisibility


   Skills:
 + Level 1.1 Fighting
 - Level 0.6(0.8) Short Blades
 - Level 0.5(0.7) Long Blades
 - Level 0.3(0.5) Axes
 - Level 0.3(0.5) Maces & Flails
 - Level 0.3(0.5) Polearms
 - Level 0.3(0.5) Staves
 - Level 0.6 Ranged Weapons
 - Level 2.0 Dodging
 - Level 0.3 Shields
 - Level 8.0 Unarmed Combat
 - Level 3.0 Spellcasting
 - Level 0.4 Conjurations
 - Level 0.4 Hexes
 - Level 0.3 Summonings
 - Level 2.4 Necromancy
 - Level 0.3 Translocations
 + Level 4.5 Transmutations
 - Level 0.3 Fire Magic
 - Level 0.3 Ice Magic
 - Level 0.4 Air Magic
 - Level 0.4 Earth Magic
 - Level 4.0 Poison Magic
 - Level 0.4 Invocations
 - Level 0.4 Evocations


You had 7 spell levels left.
You knew the following spells:

 Your Spells              Type           Power      Damage    Failure   Level
a - Beastly Appendage     Tmut           34%        N/A       2%          1
b - Wereblood             Tmut           17%        N/A       4%          2
c - Spider Form           Tmut/Pois      17%        N/A       9%          3

Your spell library contained the following spells:

 Spells                   Type           Power      Damage    Failure   Level
 Sublimation of Blood     Necr           10%        N/A       10%         2
 Ensorcelled Hibernation  Hex/Ice        6%         N/A       22%         2
 Ice Form                 Ice/Tmut       10%        N/A       54%         4
 Petrify                  Tmut/Erth      10%        N/A       54%         4
 Anguish                  Hex/Necr       3%         N/A       67%         4
 Irradiate                Conj/Tmut      5%         3d13      87%         5


Dungeon Overview and Level Annotations

Branches:
Dungeon (6/15)             Temple (1/1) D:5

Altars:
Ashenzari
Cheibriados
Elyvilon
Fedhas
Gozag
Hepliaklqana
Kikubaaqudgha
Makhleb
Nemelex Xobeh
Okawaru
Qazlal
Ru
Sif Muna
Trog
Uskayaw
Vehumet
Wu Jian
Xom
Yredelemnul
Zin
The Shining One

Annotations:
D:5 1 runed translucent door, Crazy Yiuf


Innate Abilities, Weirdness & Mutations

You cannot wear most types of armour.
You are amphibious.
You can wear up to eight rings at the same time.
Your skin changes colour to match your surroundings (Stealth+).
Your rubbery body absorbs attacks. (AC +1, EV +1)
((You are camouflaged when in or above water. (Stealth+)))
You have tentacles for arms and can constrict up to eight enemies at once.


Message History

Unknown command.
You hit the orc priest but do no damage.
The orc priest looks as sick as possible!
The orc priest is severely wounded.
The orc hits you with a +0 mace. The orc priest hits you with a +0 club.
The orc wizard completely misses you.
Found 2 stones.
The orc misses you. The orc priest closely misses you.
The orc wizard casts a spell at you.
You are confused.
Things that are here:
a +0 club; a +0 leather armour; an orc corpse You are too injured to fight recklessly!
Unknown command.
You're too confused to move!
You kill the orc priest!
The orc misses you.
The orc wizard points at you and mumbles some strange words.
The puff of flame misses you.
You are too injured to fight recklessly!
Unknown command.
The orc misses you. The orc wizard casts a spell at you.
The magic dart hits you.
Things that are here:
a +0 club; a +0 leather armour; an orc corpse You are too injured to fight recklessly!
The orc hits you with a +0 mace. The orc attacks as you move away!
The orc hits you with a +0 mace.
* * * LOW HITPOINT WARNING * * *
You are too injured to fight recklessly!
You feel less confused. The orc hits you with a +0 mace.
* * * LOW HITPOINT WARNING * * *
The orc wizard hits you with a +0 dagger.
* * * LOW HITPOINT WARNING * * *
You are too injured to fight recklessly!
It was a potion of invisibility.
You fade into invisibility!
Your transformation has ended.
Your +1 hat unmelds from your body.
The orc hits you with a +0 mace.
You die...

#.....# #......#
#.....# ########
#.....# #.....# ***
......###########+###
........##..........#
......#.##.....(....#
...##.#.#...........#
...+..#.#.......@o..#
...#..#.#.......o)..#
......#.#........).)#
###...#.#.#....>....#
# #.....#,###.#####.#
# #.#.###,*(..#.....#
# #.#.# *,#.###.#####
# #.#.# *,..#...# #
#.#.#######.#.#


You could see an orc wizard (unable to see you) and an orc (unable to see you).

Vanquished Creatures
  3 yaks (D:5)
  Menkaure (D:5)
  A black bear (D:5)
  A centaur (D:5)
  2 phantoms (D:5)
  Blork the orc (D:4)
  A scorpion (D:4)
  A howler monkey (D:5)
  3 hounds
  3 orc priests
  A jelly (D:5)
  An iguana (D:4)
  An orc wizard (D:4)
  6 adders
  3 dart slugs
  10 orcs
  6 bats
  10 endoplasms
  6 giant cockroaches
  5 goblins
  7 hobgoblins
  10 jackals
  5 quokkas
  8 ball pythons
  7 frilled lizards
  4 kobolds
  4 rats
111 creatures vanquished.

Vanquished Creatures (others)
  4 plants (D:4)
4 creatures vanquished.

Grand Total: 115 creatures vanquished

Notes
Turn   | Place    | Note
-------+----------+-------------------------------------------
     0 | D:1      | ytrimaz the Octopode Transmuter began the quest for the
                  | Orb.
     0 | D:1      | Reached XP level 1. HP: 13/13 MP: 3/3
   167 | D:1      | Reached XP level 2. HP: 14/18 MP: 3/5
   672 | D:1      | Found a faded altar of an unknown god.
   678 | D:1      | Learned a level 2 spell: Wereblood
   762 | D:1      | Reached XP level 3. HP: 15/23 MP: 6/6
  2263 | D:2      | Reached XP level 4. HP: 22/28 MP: 4/7
  2866 | D:2      | Found a sparkling altar of Nemelex Xobeh.
  2891 | D:2      | Reached skill level 4 in Unarmed Combat
  3376 | D:3      | Reached XP level 5. HP: 21/33 MP: 9/9
  3945 | D:4      | Noticed Blork the orc
  4082 | D:4      | Identified the +5 ring mail of Ohih Coh {Will+ Int+4 Dex-2
                  | SInv}
  4564 | D:4      | Reached XP level 6. HP: 38/38 MP: 10/10
  4700 | D:4      | Killed Blork the orc
  4701 | D:4      | Reached skill level 5 in Unarmed Combat
  4876 | D:4      | Found a hide-covered altar of Uskayaw.
  4876 | D:4      | Found a glowing silver altar of Zin.
  4876 | D:4      | Found an ornate altar of the Wu Jian Council.
  5027 | D:3      | Learned a level 3 spell: Spider Form
  5656 | D:4      | Reached skill level 1 in Poison Magic
  5873 | D:5      | Entered Level 5 of the Dungeon
  5902 | D:5      | Reached XP level 7. HP: 38/43 MP: 11/11
  5905 | D:5      | Reached skill level 6 in Unarmed Combat
  5916 | D:5      | Found a runed translucent door.
  5917 | D:5      | Noticed Crazy Yiuf
  6054 | D:5      | Noticed a yak
  6272 | D:5      | Noticed a yak
  6273 | D:5      | Noticed a yak
  6287 | D:5      | Killed a yak
  6288 | D:5      | Reached skill level 7 in Unarmed Combat
  6288 | D:5      | Reached XP level 8. HP: 33/48 MP: 12/12
  6294 | D:5      | Killed a yak
  6299 | D:5      | Killed a yak
  6300 | D:5      | Reached skill level 8 in Unarmed Combat
  6930 | D:5      | Found a staircase to the Ecumenical Temple.
  7110 | Temple   | Entered the Ecumenical Temple
  7324 | Temple   | Became a worshipper of Ashenzari the Shackled
  7511 | D:5      | Noticed Menkaure
  7520 | D:5      | Killed Menkaure
  7905 | D:5      | Slain by an orc

Illustrated notes

Levels and vault maps discovered:
D:1:      lightli_molten_gateway, layout_loops_ring,
          shapermc_ecumenical_altar_ellora
D:2:      layout_loops_ring, basic_altar
D:3:      layout_rooms, palyth_stone_intersect
D:4:      layout_basic, gammafunk_temple_overflow_forgotten, nrook_campfire,
          uniq_blork_the_orc
D:5:      layout_basic, minmay_temple_entry_enclosed_plants,
          grunt_decor_junction, uniq_menkaure, uniq_crazy_yiuf_cottage
D:6:      kennysheep_steamy, layout_basic, minmay_bent, uniq_grinder
Temple:   hc_temple_tempest_star

Skill      XL: |  1  2  3  4  5  6  7  8 |
---------------+-------------------------+-----
Unarmed Combat | 4 5 7 8 |  8.0
Spellcasting   | 3 |  3.0
Transmutations | 3 4 |  4.5
Poison Magic   | 1 3 4 |  4.0
Necromancy     | 2 |  2.4
Fighting       | |  1.1
Short Blades   | |  0.6
Long Blades    | |  0.5
Axes           | |  0.3
Maces & Flails | |  0.3
Polearms       | |  0.3
Staves         | |  0.3
Ranged Weapons | |  0.6
Dodging        | |  2.0
Shields        | |  0.3
Conjurations   | |  0.4
Hexes          | |  0.4
Summonings     | |  0.3
Translocations | |  0.3
Fire Magic     | |  0.3
Ice Magic      | |  0.3
Air Magic      | |  0.4
Earth Magic    | |  0.4
Invocations    | |  0.4
Evocations     | |  0.4

Action                   |  1- 3 |  4- 6 |  7- 9 || total
-------------------------+-------+-------+-------++-------
Melee: Unarmed           |    84 |   132 |    67 ||   283
       Constrict         |    27 |    29 |       ||    56
       Kick              |    26 |    35 |       ||    61
       Tentacles         |    17 |    15 |       ||    32
       Punch             |       |     4 |       ||     4
 Cast: Beastly Appendage |    27 |    34 |       ||    61
       Wereblood         |       |     4 |     1 ||     5
       Spider Form       |       |     3 |     9 ||    12
  Use: Scroll            |       |    12 |     1 ||    13
       Potion            |       |     3 |     1 ||     4
 Stab: Sleeping          |     1 |     2 |     1 ||     4
Armor: Skin              |     7 |    12 |     3 ||    22
Dodge: Dodged            |    61 |    82 |    52 ||   195

Table legend: (Time is in decaauts)
 A = Elapsed time spent in this place.
 B = Non-inter-level travel time spent in this place.
 C = Inter-level travel time spent in this place.
 D = Time resting spent in this place.
 E = Time spent auto-exploring this place.
 F = Levels seen in this place.
 G = Mean time per level.
                   A        B        C        D        E       F      G
               +--------+--------+--------+--------+--------+-----+--------+
         Total |   7860 |   7652 |    208 |   1219 |   5448 |   7 | 1122.9 |
       Dungeon |   7630 |   7463 |    167 |   1219 |   5274 |   6 | 1271.7 |
        Temple |    229 |    188 |     41 |      0 |    174 |   1 |  229.0 |
               +--------+--------+--------+--------+--------+-----+--------+

Top non-repeatable levels by time:
     D:1: 1895 daAuts
     D:5: 1790 daAuts
     D:3: 1464 daAuts
     D:4: 1404 daAuts
     D:2: 1074 daAuts
  Temple: 229 daAuts
     D:6: 1 daAuts
